 Dungeon Crawl Stone Soup version 0.31-a0-968-g24f9ace8b5 (webtiles) character file.

Game seed: 7362003586200869251

541 tsujin the Cudgeller (level 7, -2/72 HPs)
             Began as a Demonspawn Artificer on Oct 28, 2023.
             Slain by an iguana (6 damage)
             ... on level 5 of the Dungeon.
             The game lasted 00:14:54 (4305 turns).

tsujin the Cudgeller (Demonspawn Artificer)         Turns: 4305, Time: 00:14:55

Health: -2/72      AC:  7    Str: 14    XL:     7   Next: 5%
Magic:  7/7        EV:  9    Int: 12    God:
Gold:   210        SH:  9    Dex: 20    Spells: 6/6 levels left

rFire   . . .        f - +0 whip (heavy)
rCold   . . .        (no shield)
rNeg    . . .        l - +1 scale mail
rPois   .            (no helmet)
rElec   .            (no cloak)
rCorr   .            (no gloves)
SInv    .            (no boots)
Will    .....        p - amulet of reflection Stlth
                     o - +6 ring of dexterity
HPRegen 0.32/turn    (no ring)
MPRegen 0.10/turn

%: reflection
@: berserking, about to teleport, very quick
A: claws 1, large bone plates 1, demonic magic 2
a: no special abilities


You were on level 5 of the Dungeon.
You visited 1 branch of the dungeon, and saw 5 of its levels.

You collected 210 gold pieces.

Inventory:

Hand Weapons
 f - a +0 heavy whip (weapon)
Armour
 l - a +1 scale mail (worn)
Magical Staves
 n - a staff of cold
Jewellery
 o - a +6 ring of dexterity (left claw)
 p - an amulet of reflection (around neck)
Wands
 d - a wand of charming (15)
 e - a wand of iceblast (1)
Scrolls
 b - a scroll of fear {unknown}
 g - a scroll of enchant weapon {unknown}
 h - a scroll of enchant armour
 j - a scroll of poison {unknown}
Potions
 i - a potion of curing
 q - a potion of cancellation {unknown}


   Skills:
 - Level 1.0 Fighting
 + Level 6.4 Maces & Flails
 - Level 1.7 Armour
 - Level 0.8 Dodging
 - Level 0.8 Stealth
 - Level 3.7 Evocations


You had 6 spell levels left.
You didn't know any spells.
Your spell library was empty.

Dungeon Overview and Level Annotations

Branches:
Dungeon (5/15)
 Temple: D:4-7

Altars:
Wu Jian


Innate Abilities, Weirdness & Mutations

You have sharp fingernails.
You are partially covered in large bone plates. (SH +4)
Spells you cast may paralyse nearby enemies.


Message History

Things that are here:
a +0 flail; a gnoll corpse The iguana bites you.
You take 1 damage, and have 23/48 hp.
You barely miss the iguana.
The iguana bites you but does no damage.
You barely miss the iguana. You block the iguana's attack.
You barely miss the iguana. You block the gnoll's attack. The iguana bites you.
You block the gnoll's attack.
You take 3 damage, and have 20/48 hp.
You hit the iguana.
The iguana is lightly wounded.
The gnoll hits you with a +0 whip.
* * * LOW HITPOINT WARNING * * *
You block the iguana's attack. The gnoll barely misses you.
You take 6 damage, and have 14/48 hp.
As you read the scroll labelled IWIDESMAYME, it crumbles to dust.
It is a scroll of amnesia.
You feel forgetful for a moment. The gnoll hits you but does no damage.
The iguana barely misses you. The gnoll closely misses you.
As you read the scroll labelled KEUXAG XUVUIMN, it crumbles to dust.
It is a scroll of brand weapon.
Your +0 whip becomes incredibly heavy!
f - a +0 heavy whip (weapon)
The gnoll hits you with a +0 whip.
* * * LOW HITPOINT WARNING * * *
The iguana barely misses you. You block the gnoll's attack.
You take 1 damage, and have 14/48 hp.
As you read the scroll labelled PAWNIWKATAI, it crumbles to dust.
You feel strangely unstable.
It was a scroll of teleportation.
The gnoll closely misses you. The iguana bites you!
* * * LOW HITPOINT WARNING * * *
The gnoll hits you with a +0 flail.
* * * LOW HITPOINT WARNING * * *
You take 12 damage, and have 2/48 hp.
MASSIVE DAMAGE!!
Unknown command.
A red film seems to cover your vision as you go berserk!
You feel yourself moving faster!
You feel mighty! The gnoll closely misses you. The iguana bites you.
You die...

#. #. #. #. ####
#.## .!..#
..##....#
#######.......#
##..####@gg)....#
.......lg#####.##
...#######
#..##### ##g....#
#...:..#
........#
g..######## ..###
.


You could see an iguana and 3 gnolls.

Vanquished Creatures
  An ogre (D:4)
  A gnoll sergeant (D:5)
  3 hounds (D:4)
  An orc priest (D:4)
  Jessica (D:2)
  An iguana (D:4)
  4 gnolls (D:5)
  5 adders (D:2)
  A white imp (D:4)
  5 worms
  2 dart slugs (D:1)
  3 orcs
  6 endoplasms
  6 giant cockroaches
  7 goblins
  14 hobgoblins
  7 jackals
  2 quokkas
  10 ball pythons
  10 bats
  10 frilled lizards
  6 kobolds
  6 rats
112 creatures vanquished.

Notes
Turn   | Place    | Note
-------+----------+-------------------------------------------
     0 | D:1      | tsujin the Demonspawn Artificer began the quest for the
                  | Orb.
     0 | D:1      | Reached XP level 1. HP: 15/15 MP: 1/1
   150 | D:1      | Reached skill level 1 in Maces & Flails
   150 | D:1      | Gained mutation: You have sharp fingernails. [demonic
                  | ancestry]
   150 | D:1      | Reached XP level 2. HP: 13/21 MP: 2/2
   577 | D:1      | Reached XP level 3. HP: 14/26 MP: 3/3
   628 | D:1      | Found a faded altar of an unknown god.
  1046 | D:2      | Reached skill level 2 in Maces & Flails
  1205 | D:2      | Noticed Jessica
  1219 | D:2      | Killed Jessica
  1220 | D:2      | Gained mutation: Spells you cast may paralyse adjacent
                  | enemies. [demonic ancestry]
  1220 | D:2      | Reached XP level 4. HP: 11/32 MP: 4/4
  1365 | D:2      | Reached skill level 3 in Maces & Flails
  2177 | D:2      | Reached XP level 5. HP: 35/37 MP: 5/5
  2700 | D:3      | Reached skill level 4 in Maces & Flails
  3591 | D:4      | Gained mutation: Spells you cast may paralyse nearby
                  | enemies. [demonic ancestry]
  3591 | D:4      | Reached XP level 6. HP: 34/43 MP: 6/6
  3605 | D:4      | Reached skill level 5 in Maces & Flails
  3934 | D:4      | Noticed an orc warrior
  4113 | D:4      | Found an ornate altar of the Wu Jian Council.
  4239 | D:5      | Entered Level 5 of the Dungeon
  4285 | D:5      | Reached skill level 6 in Maces & Flails
  4287 | D:5      | Gained mutation: You are partially covered in large bone
                  | plates. (SH +4) [demonic ancestry]
  4287 | D:5      | Reached XP level 7. HP: 35/48 MP: 7/7
  4304 | D:5      | HP: 2/48 [gnoll/+0 flail[a gnoll sergeant] (3)]
  4305 | D:5      | Slain by an iguana

Illustrated notes

Levels and vault maps discovered:
D:1:      dpeg_arrival_tiny_h, layout_loops_ring,
          shapermc_ecumenical_altar_notcrosses, reono_crystal_passage
D:2:      layout_rooms, serial_forest, infiniplex_forest_end_1,
          infiniplex_forest_lined_2, infiniplex_forest_lined_ring,
          infiniplex_forest_lined_ring, infiniplex_forest_lined_corner,
          infiniplex_forest_end_1, minmay_pentomino_pile, uniq_jessica
D:3:      layout_basic, guppyfry_early_lair_pool
D:4:      layout_rooms, nicolae_wu_jian_immortal_techniques,
          guppyfry_early_orc_mine
D:5:      layout_rooms, mainiacjoe_overflow_alcove_2, temple_statues,
          uniq_duvessa

Skill      XL: |  1  2  3  4  5  6 |
---------------+-------------------+-----
Maces & Flails | 1 2 3 4 6 |  6.4
Fighting       | |  1.0
Armour         | |  1.7
Dodging        | |  0.8
Stealth        | |  0.8
Evocations     | |  3.7

Action                     |  1- 3 |  4- 6 |  7- 9 || total
---------------------------+-------+-------+-------++-------
  Melee: Whip              |   139 |   432 |     9 ||   580
         Club              |     8 |       |       ||     8
         Punch             |     1 |     7 |       ||     8
  Evoke: Wand              |     8 |    11 |       ||    19
    Use: Scroll            |     1 |     2 |     3 ||     6
         Potion            |       |     1 |     1 ||     2
   Stab: Sleeping          |     1 |       |       ||     1
 Armour: Leather armour    |    63 |       |       ||    63
         Ring mail         |    15 |    42 |       ||    57
         Scale mail        |       |   231 |    12 ||   243
  Dodge: Dodged            |    94 |   215 |     8 ||   317
  Block: Other             |       |    44 |     6 ||    50
         Reflection        |       |     1 |       ||     1

Table legend: (Time is in decaauts)
 A = Elapsed time spent in this place.
 B = Non-inter-level travel time spent in this place.
 C = Inter-level travel time spent in this place.
 D = Time resting spent in this place.
 E = Time spent auto-exploring this place.
 F = Levels seen in this place.
 G = Mean time per level.
                   A        B        C        D        E       F      G
               +--------+--------+--------+--------+--------+-----+--------+
         Total |   4265 |   4192 |     73 |    481 |   2388 |   5 |  853.0 |
       Dungeon |   4265 |   4192 |     73 |    481 |   2388 |   5 |  853.0 |
               +--------+--------+--------+--------+--------+-----+--------+

Top non-repeatable levels by time:
     D:2: 1210 daAuts
     D:3: 1159 daAuts
     D:1: 961 daAuts
     D:4: 872 daAuts
     D:5: 61 daAuts
